 Dungeon Crawl Stone Soup version 0.23-a0-422-g30b1108 (webtiles) character file.

2326 PartyPooper the Cleaver (level 9, 0/64 HPs)
             Began as a Formicid Abyssal Knight on Nov 15, 2018.
             Was an Elder of Lugonu.
             Succumbed to a killer bee's poison
             ... on level 7 of the Dungeon.
             The game lasted 00:20:40 (9095 turns).

PartyPooper the Cleaver (Formicid Abyssal Knight)   Turns: 9095, Time: 00:20:41

Health: 0/64       AC:  7    Str: 21    XL:     9   Next: 69%
Magic:  13/13      EV: 16    Int: 11    God:    Lugonu [****..]
Gold:   222        SH:  4    Dex: 15    Spells: 8/8 levels left

rFire    . . .     SeeInvis +   i - +0 war axe
rCold    . . .     Gourm    .   w - +0 buckler
rNeg     . . .     Faith    .   F - +0 troll leather armour
rPois    .         Spirit   .   (helmet unavailable)
rElec    .         Reflect  .   (no cloak)
rCorr    .         Harm     .   f - +0 pair of gloves
MR       .....                  p - +0 pair of boots
Stlth    ++........             (no amulet)
HPRegen  0.60/turn              o - ring of teleportation (curse)
MPRegen  0.13/turn              (no ring)

@: agile, lethally poisoned (0 -> -11)
A: permanent stasis, dig shafts and tunnels, four strong arms, antennae 3
a: Dig, Shaft Self, Depart the Abyss, Bend Space, Banish, Corrupt, Renounce
Religion


You were on level 7 of the Dungeon.
You worshipped Lugonu.
Lugonu was greatly pleased with you.
You were hungry.

You visited 1 branch of the dungeon, and saw 7 of its levels.
You visited the Abyss 1 time.
You also visited: Ossuary.

You collected 222 gold pieces.

Inventory:

Hand Weapons
 a - a +1 hand axe
 i - a +0 war axe (weapon)
 C - a +0 trident
Missiles
 h - 52 sling bullets
 r - 195 stones (quivered)
 E - 8 tomahawks
Armour
 f - a +0 pair of gloves (worn)
 g - a +0 ring mail of poison resistance
 p - a +0 pair of boots (worn)
 w - a +0 buckler (worn)
 x - a +0 chain mail
 F - a +0 troll leather armour (worn)
Jewellery
 o - a cursed ring of teleportation (left hand)
 G - an uncursed ring of ice
Wands
 y - a wand of disintegration (7)
 z - a wand of paralysis (3)
Scrolls
 d - 6 scrolls of magic mapping {unknown}
 e - 6 scrolls of teleportation {unknown}
 l - 10 scrolls of identify {unknown}
 n - 2 scrolls of enchant armour {unknown}
 q - 2 scrolls of remove curse {unknown}
 t - a scroll of fog {unknown}
 v - 4 scrolls of amnesia {unknown}
 B - a scroll of blinking {unknown}
 H - a scroll of acquirement {unknown}
Potions
 b - 2 potions of flight {unknown}
 j - 3 potions of magic {unknown}
 k - 5 potions of curing {unknown}
 m - 2 potions of berserk rage
 s - 4 potions of agility
 u - 3 potions of mutation {unknown}
 A - a potion of might {unknown}
Comestibles
 c - 7 rations
 D - 5 chunks of flesh


   Skills:
 - Level 3.3 Fighting
 + Level 9.8 Axes
 + Level 6.4 Armour
 - Level 0.8 Dodging
 + Level 2.2 Shields
 * Level 6.0 Invocations
 - Level 0.2 Evocations


You had 8 spell levels left.
You didn't know any spells.
Your spell library was empty.

Dungeon Overview and Level Annotations

Branches:
Dungeon (7/15)             Temple (0/1) D:6

Altars:
Cheibriados
Elyvilon
Makhleb
Ru

Annotations:
D:3 exclusion: downstairs
D:5 exclusion: downstairs


Innate Abilities, Weirdness & Mutations

You cannot be hasted, slowed, berserked, paralysed or teleported.
You can dig through walls and to a lower floor.
Your four strong arms can wield two-handed weapons with a shield.
You have a pair of large antennae on your head. (SInv)


Message History

The killer bee stings you.
You miss the killer bee.
You feel sick.
The killer bee stings you but does no damage.
The killer bee stings you.
* * * LOW HITPOINT WARNING * * *
You barely miss the killer bee.
You feel sick. The killer bee stings you.
* * * LOW HITPOINT WARNING * * *
You are lethally poisoned!
The killer bee poisons you! The killer bee stings you!
* * * LOW HITPOINT WARNING * * *
You slash the killer bee!
You kill the killer bee!
Lugonu accepts your kill.
* * * LOW HITPOINT WARNING * * *
You feel sick.
* * * LOW HITPOINT WARNING * * *
You feel sick.
It was a potion of agility.
You feel agile all of a sudden.
You die...

##.##...######
.#. ###
#.#...## .. {
#.#.### #.#.#
#.#.# #.#.#
..#.# ###.###
#.#@## #..#.#
#.#### #.# #..
.... ..###
#..# #..#


There were no monsters in sight!

Vanquished Creatures
  A troll (D:7)
  Menkaure (D:6)
  An orc warrior (D:6)
  An ice beast (D:5)
  A phantom (D:5)
  3 ogres
  A centaur (D:5)
  An elf zombie (Ossuary)
  A bullfrog (D:6)
  3 killer bees (D:7)
  A howler monkey (D:4)
  A crimson imp (D:7)
  A centaur zombie (Ossuary)
  A hound (D:2)
  2 orc priests
  A jelly (D:6)
  9 orc wizards
  2 human zombies
  Natasha (thrice) (D:3)
  An iguana (D:4)
  5 worker ants
  3 big kobold zombies (Ossuary)
  A hound zombie (D:5)
  2 mummies (Ossuary)
  3 gnolls (D:6)
  A howler monkey skeleton (D:6)
  8 adders
  An adder zombie (Ossuary)
  3 adder skeletons
  A dart slug (D:1)
  6 leopard geckos
  34 orcs
  4 giant cockroaches
  10 goblins
  5 hobgoblins
  13 jackals
  3 quokkas
  7 bats
  5 frilled lizards
  A giant cockroach zombie (D:6)
  2 goblin zombies (Ossuary)
  8 hobgoblin zombies (Ossuary)
  2 jackal zombies (Ossuary)
  7 kobolds
  12 kobold zombies (Ossuary)
  6 orc zombies (Ossuary)
  3 rats
192 creatures vanquished.

Notes
Turn   | Place    | Note
-------+----------+-------------------------------------------
     0 | Abyss:1  | PartyPooper the Formicid Abyssal Knight began the quest for
                  | the Orb.
     0 | Abyss:1  | Reached XP level 1. HP: 18/18 MP: 2/2
    64 | Abyss:1  | Noticed a rakshasa
    66 | Abyss:1  | Noticed a spatial vortex
    83 | Abyss:1  | Noticed an ancient zyme
    86 | D:1      | Escaped the Abyss
   365 | D:1      | Reached * piety under Lugonu
   392 | D:1      | Reached XP level 2. HP: 24/24 MP: 3/3
   979 | D:2      | Reached XP level 3. HP: 29/29 MP: 4/4
  1295 | D:2      | Found a burning altar of Makhleb.
  1317 | D:2      | Reached skill level 3 in Axes
  1317 | D:2      | Reached XP level 4. HP: 16/35 MP: 6/6
  2315 | D:2      | You fall through a shaft for 2 floors!
  2505 | D:4      | Reached XP level 5. HP: 32/41 MP: 7/7
  2590 | D:3      | Reached skill level 4 in Axes
  3059 | D:3      | Noticed Natasha
  3079 | D:3      | Killed Natasha
  3079 | D:3      | Reached XP level 6. HP: 21/47 MP: 8/8
  3523 | D:3      | Reached ** piety under Lugonu
  3577 | D:3      | Reached skill level 5 in Axes
  3709 | D:3      | Noticed Natasha
  3720 | D:3      | Killed Natasha
  3770 | D:3      | Noticed Natasha
  3777 | D:3      | Killed Natasha
  3777 | D:3      | Reached XP level 7. HP: 49/52 MP: 9/9
  4338 | D:4      | Reached skill level 5 in Armour
  4720 | D:4      | Reached skill level 6 in Axes
  5255 | D:5      | Entered Level 5 of the Dungeon
  5288 | D:5      | Reached XP level 8. HP: 52/58 MP: 10/10
  5459 | D:5      | Found a sand-covered staircase.
  5531 | Ossuary  | Entered an ossuary
  5575 | Ossuary  | Reached *** piety under Lugonu
  5752 | Ossuary  | Reached skill level 7 in Axes
  7305 | D:5      | Reached skill level 8 in Axes
  7305 | D:5      | Reached skill level 1 in Shields
  7440 | D:6      | Found a sacrificial altar of Ru.
  7440 | D:6      | Found a white marble altar of Elyvilon.
  7759 | D:5      | Reached XP level 9. HP: 37/64 MP: 12/12
  7943 | D:6      | Found a staircase to the Ecumenical Temple.
  8022 | D:6      | Reached skill level 5 in Invocations
  8176 | D:6      | Found a snail-covered altar of Cheibriados.
  8350 | D:6      | Reached **** piety under Lugonu
  8417 | D:6      | Reached skill level 9 in Axes
  8473 | D:6      | Noticed Menkaure
  8482 | D:6      | Killed Menkaure
  8917 | D:7      | Noticed a troll
  8926 | D:7      | Killed a troll
  9093 | D:7      | HP: 3/64 [poisoned by a killer bee]
  9094 | D:7      | HP: 1/64 [poisoned by a killer bee]
  9095 | D:7      | Succumbed to a killer bee's poison

Vault maps used:
D:1:      moated_graveyard_arrival, item_on_display_a
D:2:      makhleb_heckhound_becter, first_ration
D:3:      uniq_natasha
D:5:      enter_ossuary_3
D:6:      gammafunk_temple_overflow_forgotten, temple_fountains,
          serial_bayou_lagoon_a, minivault_24, uniq_menkaure
Abyss:1:  hangedman_decor_riveting
Ossuary:  ossuary_tomb_1

Skill      XL: |  1  2  3  4  5  6  7  8  9 |
---------------+----------------------------+-----
Axes           | 3 4 5 6 8 9 |  9.8
Armour         | 3 4 5 6 |  6.4
Invocations    | 3 4 6 |  6.0
Shields        | 1 2 |  2.2
Fighting       | |  3.3
Dodging        | |  0.8
Evocations     | |  0.2

Action                   |  1- 3 |  4- 6 |  7- 9 || total
-------------------------+-------+-------+-------++-------
Melee: Hand axe          |    86 |       |       ||    86
       War axe           |       |   171 |   459 ||   630
Invok: Depart the Abyss  |     1 |       |       ||     1
 Abil: Dig               |       |       |     1 ||     1
Evoke: Wand              |       |       |     4 ||     4
  Use: Potion            |       |       |     1 ||     1
 Stab: Paralysed         |       |       |     6 ||     6
  Eat: Chunk             |     1 |     8 |    14 ||    23
       Ration            |       |       |     1 ||     1
Armor: Ring mail         |    34 |    82 |   157 ||   273
       Troll leather arm |       |       |    13 ||    13
Dodge: Dodged            |    57 |   125 |   222 ||   404
Block: Buckler           |       |       |    54 ||    54

Table legend:
 A = Non-vault XP
 B = Vault XP
 C = Vault XP percentage of total XP
 D = Non-vault monster count
 E = Vault monster count
 F = Vault count percentage of total count
                 A         B        C        D         E       F
            +---------+---------+-------+---------+---------+-------
      Total |    2702 |     622 |  18.7 |     149 |      43 |  22.4
            +---------+---------+-------+---------+---------+-------
        D:1 |      28 |       0 |   0.0 |      16 |       0 |   0.0
        D:2 |      18 |      45 |  71.4 |      10 |       1 |   9.1
        D:3 |     352 |      35 |   9.0 |      49 |       1 |   2.0
        D:4 |     520 |       0 |   0.0 |      23 |       0 |   0.0
        D:5 |     471 |      40 |   7.8 |      18 |       1 |   5.3
        D:6 |     749 |     165 |  18.1 |      25 |       1 |   3.8
        D:7 |     564 |       0 |   0.0 |       8 |       0 |   0.0
    Ossuary |       0 |     337 | 100.0 |       0 |      39 | 100.0
            +---------+---------+-------+---------+---------+-------
